cohdb
Replays
Latest Replays
All Replays
Popular Replays
Top Player Replays
Match Explorer
How It Works
Community
CoH3 Stats
Reddit
Sign in to upload your games and track your stats! →
Sign in with Steam
Match 45601484
Unlisted
Match 45601484
Overview
Messages
Build Orders
End
Construct Infanterie Kompanie
Grenadier Squad
MG 42 Machine Gun Team
Grenadier Squad
Construct Panzergrenadier Kompanie
GrW 34 Mortar Team
Panzergrenadier Squad
Medical Station
Construct Panzer Kompanie
Stoßtruppen Squad
Selects Luftwaffe Battlegroup
Selects Luftwaffe Pioneer Support
Selects LG40 Recoilless Gun Paradrop
Sturmpanzer IV Brummbär
Selects Infantry Reserves
Panzer Officer Quarters
Stoßtruppen Squad
Selects Stuka Strafing Run
Panzer IV Medium Tank
Selects Fallschirmjäger Squad Paradrop
Panzer IV Medium Tank
Selects Stuka Loiter
Stuka Loiter
Panzer IV Medium Tank
Side Skirts
Repair Bunker
Jesulin
Task Force X
Angrybirds
Bego
0
0
Comments
sign in to comment!
No comments posted yet!